[Event "Sverigemastarklassen 2025"]
[Site "Uppsala, Sweden"]
[Date "2025.07.06"]
[Round "9.1"]
[White "Storme, Isak"]
[Black "Falkevall, Axel"]
[Result "1-0"]
[TimeControl "90 min for 40 move + 30 min with an increment of 30 sec starting move 1"]
[WhiteTitle "IM"]
[BlackTitle "FM"]
[WhiteFideId "1728113"]
[BlackFideId "1735560"]
[WhiteElo "2466"]
[BlackElo "2372"]

1. d4 Nf6 2. c4 g6 3. Nf3 Bg7 4. g3 O-O 5. Bg2 d6 6. O-O c5 7. dxc5 dxc5 8. Nc3 Nc6 9. Be3 Be6 10.
Qa4 Nd4 11. Rad1 Bd7 12. Qa3 Nc2 13. Qxc5 b6 14. Qg5 h6 15. Qf4 g5 16. Qe5 Rc8 17. Nd5 Nxd5 18. Qxd5 Nxe3 19. fxe3 Bc6 20.
Qxd8 Rfxd8 21. b3 b5 22. Rxd8+ Rxd8 23. c5 e5 24. b4 e4 25. Nd4 Bxd4 26. exd4 Rxd4 27. a3 Kg7 28. Kf2 Rc4 29.
Ke3 a5 30. Rd1 Rc3+ 31. Kd4 Rxa3 32. Bxe4 Bxe4 33. Kxe4 Kf6 34. Kd5 axb4 35. c6 Ke7 36. Kc5 Rc3+ 37. Kb6 b3 38. Kb7 b2 39.
Rb1 Kd6 40. Rxb2 1-0

[Event "Sverigemastarklassen 2025"]
[Site "Uppsala, Sweden"]
[Date "2025.07.06"]
[Round "9.2"]
[White "Blomqvist, Erik"]
[Black "Hillarp-Persson, Tiger"]
[Result "1-0"]
[TimeControl "90 min for 40 move + 30 min with an increment of 30 sec starting move 1"]
[WhiteTitle "GM"]
[BlackTitle "GM"]
[WhiteFideId "1709437"]
[BlackFideId "1700812"]
[WhiteElo "2448"]
[BlackElo "2445"]

1. e4 c5 2. Nf3 d6 3. d4 cxd4 4. Nxd4 Nf6 5. Nc3 Nc6 6. Bg5 e6 7. Qd2 a6 8. O-O-O Bd7 9. Kb1 Nxd4 10.
Qxd4 Be7 11. h4 Qc7 12. f3 b5 13. Qd2 b4 14. Ne2 a5 15. c4 a4 16. Nd4 O-O 17. g4 Rfc8 18. Bd3 d5 19.
cxd5 Qb6 20. dxe6 Bxe6 21. Nxe6 Qxe6 22. Rc1 Nd7 23. Rxc8+ Rxc8 24. Rc1 Rxc1+ 25. Qxc1 Ne5 26. Be2 h6 27.
Bd2 a3 28. Qc2 Qb6 29. h5 Qf2 30. Qd1 axb2 31. f4 Nd7 32. Bd3 Nc5 33. Bc2 Qd4 34. Qe2 Ne6 35. Qd3 Qg1+ 36. Kxb2 Nc5 37.
Qc4 b3 38. axb3 Qxg4 39. Qd5 Qe2 40. Bc3 Ne6 41. Qa8+ Bf8 42. f5 Nf4 43. Qd8 f6 44. Bd2 Qf1 45. Bb4 1-0

[Event "Sverigemastarklassen 2025"]
[Site "Uppsala, Sweden"]
[Date "2025.07.06"]
[Round "9.3"]
[White "Pantzar, Milton"]
[Black "Sorensen, Hampus"]
[Result "1/2-1/2"]
[TimeControl "90 min for 40 move + 30 min with an increment of 30 sec starting move 1"]
[WhiteTitle "IM"]
[BlackTitle "IM"]
[WhiteFideId "1721003"]
[BlackFideId "8703884"]
[WhiteElo "2450"]
[BlackElo "2432"]

1. Nf3 d5 2. b3 Bf5 3. Bb2 e6 4. d3 h6 5. g3 Nf6 6. Bg2 Be7 7. O-O O-O 8. Nbd2 Bh7 9. Re1 a5 10.
a3 c5 11. e4 Nc6 12. exd5 exd5 13. Ne5 a4 14. bxa4 Bf5 15. c4 Nxe5 16. Rxe5 Bg4 17. Qc2 d4 18. Bxb7 Ra7 19. Bg2 Bd7 20.
a5 Bd6 21. Ree1 Qxa5 22. Ne4 Nxe4 23. Bxe4 Re8 24. Re2 Ba4 25. Qd2 Qxd2 26. Rxd2 Bc7 27. f4 Ba5 28. Rf2 Rb8 29. Raf1 Re7 30.
f5 f6 31. Bc1 Bc7 32. Rb2 Rxb2 33. Bxb2 Re8 34. Bc1 Rb8 35. g4 Rb1 36. h4 Bc2 37. g5 hxg5 38. hxg5 Rb3 39. Bd5+ Kf8 40.
gxf6 gxf6 41. Re1 Be5 42. Bh6+ Ke7 43. Rxe5+ fxe5 44. Bg7 Rb6 45. Be4 Ba4 46. Kf2 Bd7 47. Bxe5 Rb2+ 48. Kg3 Rb1 49.
Bc7 Rf1 50. Kg4 Kf6 51. Bd8+ Ke5 52. Bc7+ Kf6 53. Bd8+ Ke5 54. Bc7+ 1/2-1/2

[Event "Sverigemastarklassen 2025"]
[Site "Uppsala, Sweden"]
[Date "2025.07.06"]
[Round "9.4"]
[White "Galperin, Platon"]
[Black "Hector, Jonny"]
[Result "1/2-1/2"]
[TimeControl "90 min for 40 move + 30 min with an increment of 30 sec starting move 1"]
[WhiteTitle "GM"]
[BlackTitle "GM"]
[WhiteFideId "14165414"]
[BlackFideId "1700090"]
[WhiteElo "2500"]
[BlackElo "2430"]

1. c4 e5 2. g3 Nf6 3. Bg2 c6 4. d4 e4 5. a3 d5 6. Nc3 Be6 7. f3 Be7 8. fxe4 Nxe4 9. Nh3 O-O 10.
Nf4 Nxc3 11. bxc3 dxc4 12. O-O Nd7 13. Rb1 Nb6 14. e4 Bc8 15. a4 a5 16. Be3 Ra6 17. Qc2 Bd6 18. e5 Be7 19.
Be4 g6 20. h4 Nd5 21. Bxd5 cxd5 22. Rb5 Bf5 23. Qb2 Be4 24. Rxb7 g5 25. hxg5 Bxg5 26. Qb5 Rh6 27. Rd7 Qa8 28.
Rb7 Qc8 29. Rd7 Rh1+ 30. Kf2 Rh2+ 31. Ke1 Bd3 32. Nxd5 Bxe3 33. e6 Re2+ 34. Kd1 Rd2+ 35. Ke1 Re2+ 36. Kd1 Rd2+ 37. Ke1 Re2+ 38. Kd1 1/2-1/2

[Event "Sverigemastarklassen 2025"]
[Site "Uppsala, Sweden"]
[Date "2025.07.05"]
[Round "8.1"]
[White "Hillarp-Persson, Tiger"]
[Black "Storme, Isak"]
[Result "1-0"]
[TimeControl "90 min for 40 move + 30 min with an increment of 30 sec starting move 1"]
[WhiteTitle "GM"]
[BlackTitle "IM"]
[WhiteFideId "1700812"]
[BlackFideId "1728113"]
[WhiteElo "2445"]
[BlackElo "2466"]

1. Nf3 d5 2. e3 Nf6 3. Be2 c5 4. d4 Nc6 5. O-O cxd4 6. exd4 Bg4 7. c3 e6 8. Bf4 Bxf3 9. Bxf3 Bd6 10.
Bxd6 Qxd6 11. Nd2 h5 12. Be2 g5 13. Bb5 O-O-O 14. Qe2 Kb8 15. Rae1 Ne7 16. Bd3 Rhg8 17. Nf3 Rg7 18. Ne5 Rdg8 19.
Qf3 Ng4 20. Nxg4 hxg4 21. Qxg4 Ka8 22. Re2 Rh8 23. Qg3 Qd8 24. f4 g4 25. f5 Rg5 26. fxe6 f5 27. Qe5 Rgh5 28. g3 Qg8 29.
Bxf5 a6 30. Qf6 Qd8 31. Bxg4 R5h6 32. Qe5 Qg8 33. Bf3 Qh7 34. h4 Qg6 35. h5 Rxh5 36. Bxh5 Rxh5 37. Qf4 Rf5 38. Qc7 Qg4 39.
Ref2 Qg5 40. Rxf5 Nxf5 41. Qc8+ Ka7 42. Qc5+ Kb8 43. Qf8+ 1-0

[Event "Sverigemastarklassen 2025"]
[Site "Uppsala, Sweden"]
[Date "2025.07.05"]
[Round "8.2"]
[White "Falkevall, Axel"]
[Black "Pantzar, Milton"]
[Result "1/2-1/2"]
[TimeControl "90 min for 40 move + 30 min with an increment of 30 sec starting move 1"]
[WhiteTitle "FM"]
[BlackTitle "IM"]
[WhiteFideId "1735560"]
[BlackFideId "1721003"]
[WhiteElo "2372"]
[BlackElo "2450"]

1. e4 e5 2. Nf3 Nc6 3. Bb5 a6 4. Ba4 Nf6 5. O-O Be7 6. Re1 b5 7. Bb3 d6 8. c3 O-O 9. h3 Na5 10.
Bc2 c5 11. d4 Qc7 12. d5 Nc4 13. b3 Nb6 14. a4 c4 15. bxc4 Bd7 16. axb5 axb5 17. Rxa8 Rxa8 18. cxb5 Bxb5 19.
Nfd2 Nfd7 20. Na3 Ba6 21. Ndb1 Nc5 22. Be3 g6 23. Nd2 Bd3 24. Bxc5 Qxc5 25. Bxd3 Rxa3 26. Nb1 Ra2 27. Re2 Ra1 28.
Qb3 Qa5 29. Bb5 Bg5 30. Rb2 Bc1 31. Rc2 Ba3 32. g3 Bc5 33. Kg2 Kg7 34. Bd3 Nd7 35. Qb7 Nf6 36. Nd2 Rd1 37. Qa6 Qc7 38.
Be2 Rxd2 39. Rxd2 Nxe4 40. Rb2 Nxf2 41. Bg4 Nxg4 42. hxg4 Qd7 43. Qe2 h6 44. Rb1 Qe7 45. Qe4 Qg5 46.
c4 Qd2+ 47. Kh3 Qf2 48. Qd3 Qf6 49. Rf1 Qe7 50. Kg2 Qg5 51. Qf3 Qe7 52. Qb3 Bd4 53. Qd3 Qa7 54. Qf3 Qe7 55. Qd3 Bc5 56.
Qf3 Bd4 57. Qd3 Bc5 58. Qf3 1/2-1/2

[Event "Sverigemastarklassen 2025"]
[Site "Uppsala, Sweden"]
[Date "2025.07.05"]
[Round "8.3"]
[White "Hector, Jonny"]
[Black "Blomqvist, Erik"]
[Result "1-0"]
[TimeControl "90 min for 40 move + 30 min with an increment of 30 sec starting move 1"]
[WhiteTitle "GM"]
[BlackTitle "GM"]
[WhiteFideId "1700090"]
[BlackFideId "1709437"]
[WhiteElo "2430"]
[BlackElo "2448"]

1. e4 e6 2. d4 d5 3. Nc3 Bb4 4. e5 c5 5. Bd2 Ne7 6. a3 Bxc3 7. Bxc3 Nbc6 8. Nf3 cxd4 9. Nxd4 Nxe5 10.
f4 Nd7 11. Qg4 Ng6 12. f5 Nde5 13. Bb5+ Bd7 14. Bxd7+ Qxd7 15. fxe6 Nxg4 16. exd7+ Kxd7 17. O-O f6 18. Nf5 Rhg8 19.
Rad1 Ke6 20. Rd3 N4e5 21. Rh3 Ne7 22. Nd4+ Kf7 23. Rxh7 a6 24. Ne2 N7c6 25. Rh4 Rge8 26. Ng3 Ng6 27.
Rg4 Nge5 28. Rgf4 Rad8 29. Nf5 Rd7 30. h3 Red8 31. Rd1 Ng6 32. Rg4 d4 33. Bb4 Rd5 34. Rf1 a5 35. Bd2 Nce7 36.
Ng3 Ne5 37. Re4 Rc8 38. Bf4 N7g6 39. Bxe5 Nxe5 40. Rf2 Rdc5 41. Nf5 Rd8 42. Nxd4 b5 43. Nb3 Rd1+ 44. Kh2 Rcd5 45. Nxa5 Rc1 46.
b4 Ra1 47. Re3 g5 48. Nb7 Kg6 49. Nc5 Rdd1 50. Kg3 Nc4 51. Re6 Rxa3+ 52. Kh2 Nd2 53. Rexf6+ Kh7 54. Rf7+ Kg8 55. Ne6 Ra8 56.
Nxg5 1-0

[Event "Sverigemastarklassen 2025"]
[Site "Uppsala, Sweden"]
[Date "2025.07.05"]
[Round "8.4"]
[White "Sorensen, Hampus"]
[Black "Lokander, Martin"]
[Result "1/2-1/2"]
[TimeControl "90 min for 40 move + 30 min with an increment of 30 sec starting move 1"]
[WhiteTitle "IM"]
[BlackTitle "IM"]
[WhiteFideId "8703884"]
[BlackFideId "1709569"]
[WhiteElo "2432"]
[BlackElo "2446"]

1. d4 d5 2. c4 c6 3. Nf3 Nf6 4. Qc2 e6 5. g3 Nbd7 6. Bg2 Bd6 7. O-O O-O 8. Nbd2 Re8 9. b3 e5 10.
cxd5 cxd5 11. dxe5 Nxe5 12. Bb2 Nc6 13. e3 Bg4 14. a3 Ne4 15. b4 Qe7 16. Rac1 a6 17. Qb1 Rad8 18. Qa1 f6 19.
Nb3 Qf7 20. Nfd4 Nxd4 21. Nxd4 Qh5 22. Rc2 Be5 23. f3 Nxg3 24. fxg4 Ne2+ 25. Kf2 Qxh2 26.
Kxe2 Qxg2+ 27. Rf2 Qxg4+ 28. Kd2 Bg3 29. Re2 Re4 30. Qh1 Rde8 31. Kc1 h5 32. Kb1 h4 33. Nb3 h3 34. Nc5 Rxe3 35.
Qxd5+ Kh7 36. Red2 Kg6 37. Ka2 Rh8 38. Qxb7 h2 39. Rd7 Rh7 40. Bxf6 Qxd7 41. Nxd7 h1=Q 42. Nf8+ Kxf6 43. Rc6+ Kf5 44.
Qd7+ Kf4 45. Rc4+ Re4 46. Qd6+ Kf3 47. Rc3+ Re3 48. Rxe3+ Kxe3 49. Qxg3+ Kd4 50. Qf2+ Kd3 51. Qf5+ Kc3 52.
Qe5+ Kd3 53. Qd6+ Kc3 54. Qc5+ Kd3 55. Nxh7 Qxh7 56. Qd5+ Ke3 57. Qc5+ Kd3 58. Qd6+ Ke3 59. Qb6+ Kd2 60.
Qf2 Kd3 61. Qf1+ Kd2 62. Qf2 Kd1 63. Qd4+ Ke2 64. Qe5 Kf3 65. Qc3+ Ke2 66. Qe5 Kf3 67. Qc3+ Ke2 68. Qe5 Kf3 69.
Qc3+ Ke2 1/2-1/2

[Event "Sverigemastarklassen 2025"]
[Site "Uppsala, Sweden"]
[Date "2025.07.05"]
[Round "8.5"]
[White "Seo, Jung Min"]
[Black "Galperin, Platon"]
[Result "1/2-1/2"]
[TimeControl "90 min for 40 move + 30 min with an increment of 30 sec starting move 1"]
[WhiteTitle "IM"]
[BlackTitle "GM"]
[WhiteFideId "1734687"]
[BlackFideId "14165414"]
[WhiteElo "2472"]
[BlackElo "2500"]

1. e4 e5 2. Nf3 Nc6 3. Nc3 Bb4 4.
Nd5 Nf6 5. Nxb4 Nxb4 6. a3 Nc6 7. Bb5 Nxe4 8. Qe2 Nf6 9. Bxc6 dxc6 10. Qxe5+ Be6 11. d3 Qd7 12. Bg5 Rg8 13. Bxf6 gxf6 14.
Qxf6 Qd6 15. Rg1 Rd8 16. O-O-O Bd5 17. Qxd6 Rxd6 18. Nh4 Rf6 19. f3 Kd7 20. g3 c5 21. f4 b5 22. Rge1 Re6 23.
Rxe6 Bxe6 24. Re1 f6 25. Kd2 a5 26. Nf3 a4 27. Ke3 h5 28. Nd2 Rg6 29. Kf2 Bf5 30. Ne4 Kc6 31. Nc3 h4 32.
Re8 hxg3+ 33. hxg3 Rh6 34. Kg1 Kd7 35. Rg8 c6 36. g4 Be6 37. Rg7+ Ke8 38. Ne4 c4 39. Kg2 cxd3 40. cxd3 Kf8 41.
Rc7 Bxg4 42. Rxc6 Ke7 43. Rb6 Bd7 44. Nc3 Rh5 45. d4 Rf5 46. Kf3 Rh5 47. d5 Rh2 48. Ne4 Rxb2 49. d6+ Kf7 50.
Rb7 Ke6 51. Nc5+ Kxd6 52. Nxd7 Kc6 53. Ra7 Rb3+ 54. Ke4 Rxa3 55. Nxf6 Ra1 56. Kd3 a3 57. Kc3 Rf1 58. Rxa3 b4+ 59.
Kxb4 Rxf4+ 60. Kb3 Rf3+ 61. Kb2 Rxa3 62. Kxa3 1/2-1/2

[Event "Sverigemastarklassen 2025"]
[Site "Uppsala, Sweden"]
[Date "2025.07.04"]
[Round "7.1"]
[White "Pantzar, Milton"]
[Black "Hillarp-Persson, Tiger"]
[Result "1-0"]
[TimeControl "90 min for 40 move + 30 min with an increment of 30 sec starting move 1"]
[WhiteTitle "IM"]
[BlackTitle "GM"]
[WhiteFideId "1721003"]
[BlackFideId "1700812"]
[WhiteElo "2450"]
[BlackElo "2445"]

1. d4 Nf6 2. Nf3 g6 3. Nbd2 Bg7 4. e4 O-O 5. Bd3 d6 6. O-O Nc6 7. Re1 e5 8. dxe5 dxe5 9. Bb5 Nd4 10.
Nxd4 Qxd4 11. c3 Qc5 12. a4 Be6 13. Qc2 Rfd8 14. b4 Qe7 15. Bf1 Bh6 16. a5 Kg7 17. Nf3 Bxc1 18. Qxc1 Bg4 19.
Nd2 Be6 20. Qc2 Ne8 21. Rab1 Rac8 22. c4 c5 23. bxc5 Rxc5 24. Nb3 Rc7 25. Rec1 Nf6 26. Qc3 Nd7 27. Qe3 b6 28. axb6 axb6 29.
Rb2 Ra8 30. Nd2 Ra3 31. Rb3 Rca7 32. Nb1 Rxb3 33. Qxb3 Qg5 34. Rd1 Bg4 35. Re1 h5 36. Qb2 Qe7 37. Nc3 Qa3 38. Qd2 Be6 39.
Nb5 Qa5 40. Qe3 Rb7 41. Rd1 Qb4 42. Nd6 Ra7 43. Nf5+ Kg8 44. Qg5 Qf8 45. Ne7+ Kh7 46. Nc6 f6 47. Qd2 Ra8 48. Nb4 Kg7 49.
Nd5 Qc5 50. Ne3 Ra7 51. h4 Nf8 52. g3 Bf7 53. Bh3 Bxc4 54. Rc1 b5 55. Bf1 Ne6 56. Bxc4 bxc4 57. Rxc4 Nd4 58. Kg2 Qe7 59.
Qc3 Rd7 60. Rc8 Qf7 61. Qa5 Ra7 62. Qd8 Kh6 63. Qh8+ 1-0

[Event "Sverigemastarklassen 2025"]
[Site "Uppsala, Sweden"]
[Date "2025.07.04"]
[Round "7.2"]
[White "Storme, Isak"]
[Black "Hector, Jonny"]
[Result "1/2-1/2"]
[TimeControl "90 min for 40 move + 30 min with an increment of 30 sec starting move 1"]
[WhiteTitle "IM"]
[BlackTitle "GM"]
[WhiteFideId "1728113"]
[BlackFideId "1700090"]
[WhiteElo "2466"]
[BlackElo "2430"]

1. e4 e5 2. Nf3 Nc6 3. Bc4 Nf6 4. d3 d5 5. exd5 Nxd5 6. O-O Nb6 7. Bb5 Bd6 8. Bxc6+ bxc6 9. Nxe5 Bxe5 10.
Re1 Qe7 11. f4 Bd4+ 12. Kh1 Be6 13. f5 O-O 14. Nd2 Nd5 15. Nf3 c5 16. c3 Bf2 17. Re2 Be3 18. c4 Bxc1 19. cxd5 Bxb2 20.
Rb1 Bf6 21. dxe6 Rab8 22. Rxb8 Rxb8 23. g3 fxe6 24. fxe6 Qd6 25. Qc2 Kf8 26. d4 cxd4 27. Qxh7 Ke7 28. Qh5 Rf8 29. Nh4 Qc6+ 30.
Kg1 Kd8 31. Nf5 Be7 32. Qg4 Qc1+ 33. Kg2 Qc6+ 34. Kg1 Qc1+ 35. Kg2 Qc6+ 36. Kg1 Qc1+ 37. Kg2 1/2-1/2

[Event "Sverigemastarklassen 2025"]
[Site "Uppsala, Sweden"]
[Date "2025.07.04"]
[Round "7.3"]
[White "Lokander, Martin"]
[Black "Falkevall, Axel"]
[Result "0-1"]
[TimeControl "90 min for 40 move + 30 min with an increment of 30 sec starting move 1"]
[WhiteTitle "IM"]
[BlackTitle "FM"]
[WhiteFideId "1709569"]
[BlackFideId "1735560"]
[WhiteElo "2446"]
[BlackElo "2372"]

1. Nf3 Nf6 2. c4 c5 3. Nc3 Nc6 4. d4 cxd4 5. Nxd4 e6 6. g3 Qb6 7. Nb3 Ne5 8. e4 Bb4 9. c5 Qc6 10.
Bg2 Qb5 11. Bf1 Qc6 12. f3 b6 13. Bf4 Ng6 14. Bd6 bxc5 15. a3 Bxc3+ 16. bxc3 Nxe4 17. fxe4 Qxe4+ 18. Kf2 Ne5 19. Be2 Bb7 20.
Nxc5 Qf5+ 21. Ke3 Qg5+ 22. Kd4 Bxh1 23. Qxh1 Qd2+ 24. Bd3 Qf2+ 25. Ke4 Ng4 26. Nxe6 fxe6 27. Re1 Rc8 28. c4 Qd2 29.
Qf1 Nf2+ 30. Kd4 Qb2+ 31. Ke3 Ng4+ 32. Ke4 e5 33. Qf5 Qb7# 0-1

[Event "Sverigemastarklassen 2025"]
[Site "Uppsala, Sweden"]
[Date "2025.07.04"]
[Round "7.4"]
[White "Blomqvist, Erik"]
[Black "Galperin, Platon"]
[Result "1-0"]
[TimeControl "90 min for 40 move + 30 min with an increment of 30 sec starting move 1"]
[WhiteTitle "GM"]
[BlackTitle "GM"]
[WhiteFideId "1709437"]
[BlackFideId "14165414"]
[WhiteElo "2448"]
[BlackElo "2500"]

1. e4 g6 2. d4 d6 3. Nf3 Nf6 4. Nc3 Bg7 5. Be3 a6 6. Qd2 O-O 7. Bh6 Nc6 8. d5 Ne5 9. Be2 b5 10.
a3 e6 11. dxe6 Bxe6 12. Bxg7 Kxg7 13. Rd1 Qe7 14. O-O Nxf3+ 15. Bxf3 Rad8 16. Rfe1 Nd7 17. Be2 g5 18. a4 b4 19.
Qd4+ Ne5 20. Qxb4 c5 21. Qa3 Qb7 22. a5 f5 23. exf5 Rxf5 24. Bd3 Rf4 25. Rxe5 dxe5 26. Qxc5 Qf7 27.
Re1 Bf5 28. Rxe5 Rc8 29. Qe3 1-0

[Event "Sverigemastarklassen 2025"]
[Site "Uppsala, Sweden"]
[Date "2025.07.04"]
[Round "7.5"]
[White "Sorensen, Hampus"]
[Black "Seo, Jung Min"]
[Result "1/2-1/2"]
[TimeControl "90 min for 40 move + 30 min with an increment of 30 sec starting move 1"]
[WhiteTitle "IM"]
[BlackTitle "IM"]
[WhiteFideId "8703884"]
[BlackFideId "1734687"]
[WhiteElo "2432"]
[BlackElo "2472"]

1. d4 Nf6 2. c4 e6 3. Nc3 Bb4 4. Qc2 c5 5. dxc5 O-O 6. Nf3 Na6 7. g3 Nxc5 8. Bg2 Nce4 9. O-O Bxc3 10.
bxc3 Qc7 11. Nd4 d5 12. cxd5 exd5 13. Bf4 Qc5 14. Rac1 Bd7 15. Nb3 Qe7 16. Nd2 Bf5 17. Qb2 Nxd2 18.
Qxd2 Be4 19. Bg5 Bxg2 20. Bxf6 Qxf6 21. Kxg2 Rfd8 22. Rfd1 b6 23. Qd4 Qe7 24. Rd2 Rac8 25. Rcd1 Re8 26.
Qxd5 Rxc3 27. e3 g6 28. Kg1 Rec8 29. Qd6 Qxd6 30. Rxd6 Rc1 31. Rxc1 Rxc1+ 32. Kg2 Rc2 33. a4 Rc4 34.
a5 bxa5 35. Ra6 a4 36. Rxa7 h5 37. h4 Kg7 38. Ra6 Kf8 39. Ra7 Kg7 40. Ra6 Kf8 41. Ra7 1/2-1/2

[Event "Sverigemastarklassen 2025"]
[Site "Uppsala, Sweden"]
[Date "2025.07.03"]
[Round "6.1"]
[White "Hector, Jonny"]
[Black "Pantzar, Milton"]
[Result "0-1"]
[TimeControl "90 min for 40 move + 30 min with an increment of 30 sec starting move 1"]
[WhiteTitle "GM"]
[BlackTitle "IM"]
[WhiteFideId "1700090"]
[BlackFideId "1721003"]
[WhiteElo "2430"]
[BlackElo "2450"]

1. e4 e5 2. Nf3 Nc6 3. c3 d5 4. Qa4 Bd7 5. exd5 Nd4 6. Qd1 Nxf3+ 7. Qxf3 Nf6 8. c4 Bc5 9. Nc3 O-O 10.
d3 Ng4 11. Ne4 Bb4+ 12. Bd2 Bxd2+ 13. Nxd2 c6 14. dxc6 bxc6 15. h3 Nh6 16. Qd1 Bf5 17. Nf3 Qe7 18. Be2 Rad8 19. Qb3 e4 20.
dxe4 Qxe4 21. Kf1 Qe6 22. Qc3 c5 23. Re1 f6 24. Nh4 Be4 25. Kg1 Qd6 26. Bf3 Bxf3 27. Nxf3 Nf5 28. g3 h5 29.
h4 Qc6 30. Kh2 Nh6 31. Rhf1 Rd7 32. Rd1 Rfd8 33. Rxd7 Qxd7 34. Re1 Qf5 35. Qb3 Rd3 36. Re8+ Kh7 37. Qb8 Rxf3 38. Rh8+ Kg6 39.
Qe8+ Nf7 40. Rh6+ Kxh6 0-1

[Event "Sverigemastarklassen 2025"]
[Site "Uppsala, Sweden"]
[Date "2025.07.03"]
[Round "6.2"]
[White "Hillarp-Persson, Tiger"]
[Black "Lokander, Martin"]
[Result "0-1"]
[TimeControl "90 min for 40 move + 30 min with an increment of 30 sec starting move 1"]
[WhiteTitle "GM"]
[BlackTitle "IM"]
[WhiteFideId "1700812"]
[BlackFideId "1709569"]
[WhiteElo "2445"]
[BlackElo "2446"]

1. Nf3 d5 2. g3 Nd7 3. d4 Ngf6 4. c4 e6 5. Bg2 c6 6. O-O Bd6 7. b3 O-O 8. Bb2 a5 9. Nc3 Ne4 10.
a4 f5 11. e3 Qe8 12. Ne2 b6 13. Rc1 Bb7 14. Ne1 Rd8 15. Nd3 dxc4 16. bxc4 c5 17. Qc2 Bc6 18. f3 Ng5 19. Nc3 cxd4 20.
exd4 f4 21. gxf4 Qh5 22. Ne4 Bxf4 23. Nxf4 Rxf4 24. Qc3 Nf6 25. Qe3 e5 26. d5 Bd7 27. Ng3 Qh6 28. Qxb6 Re8 29. Rce1 Nh3+ 30.
Bxh3 Qxh3 31. Rxe5 Rxc4 32. Rxe8+ Nxe8 33. Qb3 Rh4 34. Rf2 Bxa4 35. Qc3 Qd7 36. Re2 Nf6 37. Re5 Qa7+ 38. Kg2 Bd7 39.
Nf5 Bxf5 40. Rxf5 Qd7 41. Qe5 Rc4 42. Rxf6 Rc2+ 43. Kh1 gxf6 44. Qxf6 Rxb2 45. Qxb2 Qxd5 46. Kg2 Kf7 47. Qb8 Qg5+ 48.
Kf2 Qc5+ 49. Kg2 Qc2+ 50. Kg3 a4 51. Kg4 Ke7 52. f4 Qg6+ 53. Kh4 Qe4 54. Kg5 Qg2+ 55. Kf5 Qd5+ 56. Kg4 a3 57.
f5 a2 58. Qa7+ Kf6 59. Qb6+ Ke5 60. Qb8+ Ke4 61. Qe8+ Kd3 0-1

[Event "Sverigemastarklassen 2025"]
[Site "Uppsala, Sweden"]
[Date "2025.07.03"]
[Round "6.3"]
[White "Galperin, Platon"]
[Black "Storme, Isak"]
[Result "1-0"]
[TimeControl "90 min for 40 move + 30 min with an increment of 30 sec starting move 1"]
[WhiteTitle "GM"]
[BlackTitle "IM"]
[WhiteFideId "14165414"]
[BlackFideId "1728113"]
[WhiteElo "2500"]
[BlackElo "2466"]

1. c4 e6 2. g3 d5 3. Bg2 Nf6 4. Nf3 dxc4 5. Qa4+ Bd7 6. Qxc4 c5 7. Ne5 Qc8 8. Qd3 Nc6 9. Nxd7 Nxd7 10.
b3 Be7 11. Bb2 O-O 12. Nc3 Rd8 13. Rc1 Nf6 14. Qb1 Qd7 15. d3 Rac8 16. O-O b6 17. Rfd1 h6 18. e3 Ne8 19. Rd2 Bf6 20.
Rcd1 Nd6 21. h3 Nf5 22.
d4 cxd4 23. Ne4 Be7 24. a3 e5 25. b4 Qe6 26. g4 Nh4 27.
exd4 exd4 28. Bxd4 Nxd4 29. Rxd4 Rxd4 30. Rxd4 Qe5 31. Rd1 Qf4 32. Ng3 g6 33. Bd5 a5 34. bxa5 bxa5 35. Qb2 Rb8 36.
Qc3 Bf6 37. Qxa5 Bd4 38. Kh1 Qxf2 39. Qc7 Re8 40. Rf1 Qe3 41. Bxf7+ Kh8 42. Bxe8 Qxe8 43. Qb7 Bg7 44. Ne4 Qd8 45.
Rc1 Qd4 46. a4 Qe5 47. Rb1 Kh7 48. Rf1 Qd4 49. Nf6+ 1-0

[Event "Sverigemastarklassen 2025"]
[Site "Uppsala, Sweden"]
[Date "2025.07.03"]
[Round "6.4"]
[White "Falkevall, Axel"]
[Black "Sorensen, Hampus"]
[Result "0-1"]
[TimeControl "90 min for 40 move + 30 min with an increment of 30 sec starting move 1"]
[WhiteTitle "FM"]
[BlackTitle "IM"]
[WhiteFideId "1735560"]
[BlackFideId "8703884"]
[WhiteElo "2372"]
[BlackElo "2432"]

1. d4 Nf6 2. c4 e6 3. Nf3 Bb4+ 4. Nbd2 O-O 5. a3 Be7 6. e4 d6 7. Be2 e5 8. d5 c6 9. O-O b5 10.
b3 bxc4 11. bxc4 Na6 12. Ne1 Nc5 13. Qc2 cxd5 14. exd5 Bd7 15. Nd3 Bf5 16. Qc3 Bxd3 17. Bxd3 e4 18. Bc2 Nfd7 19. Qh3 f5 20.
Nb3 Nxb3 21. Bxb3 Bg5 22. f4 Bf6 23. Rb1 Bd4+ 24. Kh1 Nc5 25. Bc2 Qf6 26. Bd2 Rae8 27. Be3 Bxe3 28. Qxe3 Rb8 29.
Rb4 a5 30. Rbb1 Rb2 31. Qd2 Re8 32. Rfe1 h6 33. h3 a4 34. Rg1 Reb8 35. Rbe1 R8b3 0-1

[Event "Sverigemastarklassen 2025"]
[Site "Uppsala, Sweden"]
[Date "2025.07.03"]
[Round "6.5"]
[White "Seo, Jung Min"]
[Black "Blomqvist, Erik"]
[Result "1/2-1/2"]
[TimeControl "90 min for 40 move + 30 min with an increment of 30 sec starting move 1"]
[WhiteTitle "IM"]
[BlackTitle "GM"]
[WhiteFideId "1734687"]
[BlackFideId "1709437"]
[WhiteElo "2472"]
[BlackElo "2448"]

1. d4 d5 2. c4 c6 3. cxd5 cxd5 4.
Nc3 Nf6 5. Bf4 Nc6 6. e3 Bf5 7. Nf3 e6 8. Qb3 Bb4 9. Bb5 O-O 10. O-O Bxc3 11. Bxc6 Bxb2 12. Bxb7 Bxa1 13. Rxa1 Rc8 14.
Bxc8 Qxc8 15. Qb2 Qa6 16. Rc1 Rc8 17. Rxc8+ Qxc8 18. Qb8 Qxb8 19. Bxb8 Bb1 20. Bxa7 Bxa2 21. Bc5 Ne4 22. Bb4 h5 23.
Nd2 Nxd2 24. Bxd2 Bc4 25. Bc3 Ba2 26. Bd2 Bc4 27. Bc3 Ba2 28. Bd2 Bc4 29. Bc3 Ba2 1/2-1/2

[Event "Sverigemastarklassen 2025"]
[Site "Uppsala, Sweden"]
[Date "2025.07.02"]
[Round "5.1"]
[White "Lokander, Martin"]
[Black "Hector, Jonny"]
[Result "1-0"]
[TimeControl "90 min for 40 move + 30 min with an increment of 30 sec starting move 1"]
[WhiteTitle "IM"]
[BlackTitle "GM"]
[WhiteFideId "1709569"]
[BlackFideId "1700090"]
[WhiteElo "2446"]
[BlackElo "2430"]

1. e4 e5 2. Nf3 Nc6 3. Nc3 Nf6 4. Bb5 Bd6 5. d3 O-O 6. a3 Ne7 7. d4 Ng6 8. O-O Re8 9. Re1 exd4 10.
Nxd4 c6 11. Bf1 Be5 12. g3 d5 13. exd5 Bg4 14. Be2 c5 15. Bxg4 cxd4 16. Ne4 Nxg4 17. Qxg4 Qxd5 18. Bd2 Bc7 19.
Qf3 Re5 20. c4 dxc3 21. Bxc3 Rf5 22. Rad1 Qe6 23. Qg2 Qc6 24. Nd6 Qxg2+ 25. Kxg2 Bxd6 26. Rxd6 Rb5 27. Re4 a5 28. a4 Rb3 29.
Rd5 Nf8 30. Re7 Ne6 31. Rf5 Rf8 32. Rxa5 b6 33. Raa7 Nc5 34. Re3 h6 35. h4 Rd8 36. h5 Ne6 37. Re5 Rc8 38. Rxe6 fxe6 39.
Rxg7+ Kf8 40. Rh7 Rc4 41. Rxh6 Rxa4 42. Rh8+ Kf7 43. Rh7+ Kf8 44. h6 Rb5 45. Rb7 1-0

[Event "Sverigemastarklassen 2025"]
[Site "Uppsala, Sweden"]
[Date "2025.07.02"]
[Round "5.2"]
[White "Pantzar, Milton"]
[Black "Galperin, Platon"]
[Result "0-1"]
[TimeControl "90 min for 40 move + 30 min with an increment of 30 sec starting move 1"]
[WhiteTitle "IM"]
[BlackTitle "GM"]
[WhiteFideId "1721003"]
[BlackFideId "14165414"]
[WhiteElo "2450"]
[BlackElo "2500"]

1. d4 Nf6 2. Nf3 d5 3. c4 e6 4. g3 Bb4+ 5. Bd2 Be7 6. Bg2 Nbd7 7. Qc2 c6 8. O-O O-O 9. Bf4 a5 10.
Rd1 a4 11. a3 Ne4 12. Nc3 Nxc3 13. Qxc3 Nb6 14. c5 Nc4 15. Ne5 Nxe5 16. dxe5 Ra5 17. Be3 Rb5 18. Rac1 b6 19. b4 bxc5 20.
Bxc5 Bxc5 21. bxc5 Rb3 22. Qd2 Ba6 23. Be4 Qb8 24. Bc2 Rxa3 25. Qd4 Bxe2 26. Rb1 Qa7 27. Re1 Bb5 28. Rb4 Qa5 29.
Reb1 Ra2 30. Qc3 h6 31. Qd2 Bc4 32. Qd1 a3 33. Rb8 Qxc5 34. R1b7 Ba6 35. Rxf8+ Qxf8 36. Ra7 Bb5 37. Bh7+ Kh8 38.
Bd3 Rxf2 39. Qc1 Rb2 40. Bxb5 cxb5 0-1